 Dungeon Crawl Stone Soup version 0.18.1-48-g4cf74bf (webtiles) character file.

44 sixel the Charlatan (level 3, 0/31 HPs)
             Began as a Deep Dwarf Artificer on July 5, 2016.
             Slain by a worm (9 damage)
             ... on level 2 of the Dungeon.
             The game lasted 00:10:13 (959 turns).

sixel the Charlatan (Deep Dwarf Artificer)           Turns: 959, Time: 00:10:14

Health: 0/31       AC:  3    Str: 14    XL:     3   Next: 41%
Magic:  6/6        EV: 12    Int: 13    God:
Gold:   56         SH:  0    Dex: 13    Spells: 0 memorised, 2 levels left

rFire  . . .     SeeInvis .     a - +0 short sword
rCold  . . .     Gourm    .     b - +0 leather armour
rNeg   . . .     Faith    .     (no shield)
rPois  .         Spirit   .     (no helmet)
rElec  .         Dismiss  .     (no cloak)
rCorr  .         Reflect  .     (no gloves)
SustAt .         Harm     .     (no boots)
MR     .....                    (no amulet)
Stlth  ++........               (no ring)
                                (no ring)

@: non-regenerating, not resistant to hostile enchantments, unstealthy
A: damage resistance, recharge devices, sense surroundings 1, slow regeneration
3
a: Device Recharging


You were on level 2 of the Dungeon.
You were not hungry.

You visited 1 branch of the dungeon, and saw 2 of its levels.

You collected 56 gold pieces.

Inventory:

Hand Weapons
 a - a +0 short sword (weapon)
Missiles
 o - 9 tomahawks (quivered)
Armour
 b - a +0 leather armour (worn)
 i - a +0 scale mail
 k - a +0 chain mail
 m - a +1 leather armour of poison resistance
Jewellery
 q - an uncursed ring of poison resistance {unknown}
Wands
 c - a wand of flame (12/48)
 d - a wand of enslavement (18/24)
 e - a wand of random effects (15/48)
 f - a wand of heal wounds (5/9)
Scrolls
 p - a scroll of blinking {unknown}
Potions
 l - a potion of beneficial mutation {unknown}
 n - 2 potions of cure mutation {unknown}
Comestibles
 g - 2 bread rations
 h - a slice of pizza
 j - a beef jerky


   Skills:
 + Level 1.0 Fighting
 + Level 1.1 Short Blades
 + Level 1.4 Armour
 + Level 2.8 Dodging
 + Level 1.4 Stealth
 + Level 4.9 Evocations


You had 2 spell levels left.
You didn't know any spells.

Dungeon Overview and Level Annotations

Branches:
Dungeon (2/15)

Altars:
Xom
Zin


Innate Abilities, Weirdness & Mutations

You are resistant to damage.
You can recharge devices by infusing magical energy.
You passively map a small area around you.
You do not regenerate naturally.


Message History

You kill the bat!
This wand has 12 charges left.
Found a shimmering altar of Xom.
A worm comes into view.
Found a glowing silver altar of Zin.
The angel rambles incoherently.
Zapping:
d - a wand of enslavement (18/24)
Press: ? - help, Shift-Dir - straight line
Okay, then.
The angel rambles incoherently.
You hit the worm.
The worm is moderately wounded.
The worm bites you.
* * * LOW HITPOINT WARNING * * *
Unknown command.
The worm bites you.
You hit the worm but do no damage.
The worm is lightly wounded.
The worm bites you!
You die...

...###########.......###
###.*### ##.. ,....
#...._...... #,
....##..#####....
,........#.A.#....
....#...#...#.... , ,
... ##..#...#...., ..
,*#..#####...., ,
....##...w_....#
.........@....##,
.................
,...........####.. ,
...........# ,
...........# ,
...........#
...........# * ,
###.......# *


You could see an angel (confused) and a worm.

Vanquished Creatures
  2 adders (D:2)
  A dart slug (D:1)
  4 bats
  2 giant cockroaches
  2 goblins (D:1)
  2 hobgoblins
  2 jackals (D:1)
  A ball python (D:1)
  3 giant newts
  4 kobolds
23 creatures vanquished.

Vanquished Creatures (collateral kills)
  A dart slug (D:2)
  A bat (D:2)
  A rat (D:2)
3 creatures vanquished.

Grand Total: 26 creatures vanquished

Notes
Turn   | Place    | Note
--------------------------------------------------------------
     0 | D:1      | sixel the Deep Dwarf Artificer began the quest for the Orb.
     0 | D:1      | Reached XP level 1. HP: 16/16 MP: 3/3
   121 | D:1      | Reached skill level 1 in Fighting
   123 | D:1      | Reached skill level 1 in Short Blades
   143 | D:1      | Reached XP level 2. HP: 25/25 MP: 5/5
   728 | D:2      | Reached XP level 3. HP: 17/31 MP: 6/6
   849 | D:2      | Reached skill level 1 in Armour
   943 | D:2      | Found a shimmering altar of Xom.
   945 | D:2      | Noticed an angel
   947 | D:2      | Found a glowing silver altar of Zin.
   959 | D:2      | Slain by a worm

Skill      XL: |  1  2  3 |
---------------+----------+-----
Fighting       | 1 |  1.0
Short Blades   | 1 |  1.1
Armour         | 1 |  1.4
Dodging        | |  2.8
Stealth        | |  1.4
Evocations     | |  4.9

Action                   || total
-------------------------++-------
Melee: Short sword       ||   122
Evoke: Wand              ||    10
  Use: Scroll            ||     3
 Stab: Sleeping          ||     1
Armor: Leather armour    ||    45
Dodge: Dodged            ||   149
